[Event "42nd Olympiad Baku 2016 Open"]
[Site "Baku"]
[Date "2016.09.02"]
[Round "1.35"]
[White "Brunello, Sabino"]
[Black "Oberholzer, Rex"]
[Result "1-0"]
[ECO "D35"]
[WhiteElo "2568"]
[BlackElo "2047"]
[PlyCount "65"]
[EventDate "2016.??.??"]
[EventCountry "AZE"]
[WhiteTeam "Italien"]
[BlackTeam "Namibien"]
[WhiteTeamCountry "ITA"]
[BlackTeamCountry "NAM"]
[TimeControl "40/5400+30:1800+30"]
[WhiteClock "0:42:32"]
[BlackClock "0:02:30"]

1. d4 {(00:00} d5 {(00:00} 2. c4 {(00:00} e6 {(
00:00} 3. Nc3 {(00:15} Nf6 {(00:21} 4. cxd5 {(00:10}
exd5 {(00:35} 5. Bg5 {(00:12} c6 {(01:06} 6. e3 {
(00:18} Nbd7 {(03:32} 7. Bd3 {(00:08} Bd6 {(10:
26} 8. Nf3 {(01:38} Qc7 {(04:15} 9. Qc2 {(02:59} h6 {
(00:59} 10. Bh4 {(00:10} O-O {(13:39} 11. O-O-O {
(00:30} b5 {(02:48} 12. Kb1 {(00:18} Re8 {(10:
44} 13. Rc1 {(05:44} a6 {(06:36} 14. Bf5 {(03:18} Bf8
{(05:10} 15. Bxd7 {(08:30} Qxd7 {(01:16} 16. Bxf6 {
(01:20} gxf6 {(00:07} 17. Nh4 {(05:11} Qg4 {(01:
18} 18. g3 {(01:02} Bd7 {(02:41} 19. h3 {(07:17} Qe6 {
(07:11} 20. g4 {(04:37} Qe7 {(04:32} 21. Nf5 {(
01:34} Qd8 {(00:40} 22. Ne2 {(01:30} a5 {(02:32} 23.
Neg3 {(01:58} a4 {(00:14} 24. h4 {(02:35} a3 {(
00:49} 25. b3 {(00:08} b4 {(09:35} 26. Qd3 {(04:05}
Ra7 {(00:48} 27. f4 {(03:07} Rc7 {(02:53} 28. g5 {
(04:01} fxg5 {(03:54} 29. hxg5 {(00:12} Re4 {(
01:28} 30. Nxh6+ {(00:47} Bxh6 {(00:22} 31. Rxh6 {(00:
06} Qf8 {(02:54} 32. Nxe4 {(00:13} Bf5 {(00:05} 33.
Nf6+ {(00:05} 1-0

[Event "42nd Olympiad Baku 2016 Open"]
[Site "Baku"]
[Date "2016.09.02"]
[Round "1.23"]
[White "Bukannan, Ahmed A"]
[Black "Jurcik, Marian"]
[Result "0-1"]
[ECO "B22"]
[WhiteElo "1890"]
[BlackElo "2484"]
[PlyCount "136"]
[EventDate "2016.??.??"]
[EventCountry "AZE"]
[WhiteTeam "KSA"]
[BlackTeam "Slowakei"]
[BlackTeamCountry "SVK"]
[TimeControl "40/5400+30:1800+30"]
[WhiteClock "0:45:35"]
[BlackClock "0:28:02"]

1. e4 {(00:00} c5 {(00:00} 2. c3 {(00:00} d5 {(
01:00} 3. exd5 {(00:23} Qxd5 {(00:07} 4. d4 {(00:26}
Nc6 {(00:05} 5. Nf3 {(00:29} Bf5 {(00:11} 6. Be2 {
(01:03} cxd4 {(00:45} 7. cxd4 {(00:36} Bxb1 {(
00:08} 8. Rxb1 {(00:24} e6 {(00:07} 9. O-O {(00:53}
Nf6 {(00:31} 10. b3 {(07:47} Be7 {(02:31} 11. Bb2 {
(04:14} O-O {(03:56} 12. Ne5 {(05:27} Qa5 {(03:
28} 13. Nxc6 {(12:41} bxc6 {(00:03} 14. a3 {(04:53}
Nd5 {(00:45} 15. Bc4 {(02:08} Rfd8 {(01:22} 16. Qf3 {
(03:20} Bf6 {(01:08} 17. Rfd1 {(02:24} Rd7 {(01:
11} 18. Bxd5 {(04:02} cxd5 {(01:47} 19. Rbc1 {(06:27}
Qb6 {(04:20} 20. g3 {(03:02} a5 {(01:28} 21. Qc3 {
(03:04} Rb7 {(01:54} 22. Rd3 {(01:48} Rab8 {(00:
59} 23. Qd2 {(06:10} h6 {(02:09} 24. Qd1 {(00:14} Rc7
{(05:30} 25. Rxc7 {(02:41} Qxc7 {(00:16} 26. Rc3 {
(01:01} Qb6 {(00:38} 27. Rd3 {(01:50} g6 {(20:
24} 28. Kg2 {(02:06} Kg7 {(05:11} 29. Qc2 {(03:15} Rb7
{(02:02} 30. h3 {(00:43} Be7 {(03:49} 31. Bc1 {(
01:58} Bf6 {(11:53} 32. Bb2 {(00:13} Qb5 {(01:09} 33.
Rf3 {(02:48} Qd7 {(06:09} 34. Bc1 {(00:50} Qd8 {
(07:25} 35. Qd2 {(01:31} Bg5 {(00:30} 36. Qc2 {(
00:57} Bxc1 {(10:42} 37. Qxc1 {(00:04} Qe7 {(00:16}
38. Qb2 {(01:25} Qd6 {(01:45} 39. Rc3 {(02:00} h5 {
(01:08} 40. Rc5 {(00:00} Qb6 {(00:00} 41. Qc3 {(
01:49} Qxb3 {(00:47} 42. Qxa5 {(01:37} Qd3 {(00:55}
43. Qc3 {(03:42} Qe4+ {(01:35} 44. Qf3 {(00:08} Qxd4 {
(03:08} 45. Qc3 {(00:12} Qxc3 {(00:13} 46. Rxc3 {
(00:01} Ra7 {(00:11} 47. Rd3 {(00:39} Kf6 {(00:
18} 48. f4 {(00:14} Ke7 {(00:27} 49. Kf3 {(00:08} Kd6
{(00:11} 50. g4 {(00:12} hxg4+ {(00:09} 51. Kxg4 {
(00:35} f6 {(00:22} 52. Rb3 {(00:13} Kc5 {(02:
39} 53. Rc3+ {(00:23} Kd6 {(01:45} 54. Rb3 {(00:21}
Ra6 {(00:08} 55. Rb8 {(00:20} Rxa3 {(00:48} 56. Rg8 {
(00:07} f5+ {(00:59} 57. Kh4 {(00:28} Rf3 {(00:
17} 58. Rxg6 {(00:13} Rxf4+ {(00:08} 59. Kg5 {(00:05}
Rf3 {(00:55} 60. h4 {(00:02} Rg3+ {(00:16} 61. Kf6 {
(00:03} Rxg6+ {(00:14} 62. Kxg6 {(00:03} f4 {(
00:07} 63. h5 {(00:04} f3 {(00:04} 64. h6 {(00:02} f2
{(00:05} 65. h7 {(00:02} f1=Q {(00:07} 66. h8=Q {
(00:03} Qf5+ {(00:10} 67. Kg7 {(01:08} Qe5+ {(
00:07} 68. Kf7 {(00:14} Qxh8 {(00:11} 0-1

[Event "42nd Olympiad Baku 2016 Open"]
[Site "Baku"]
[Date "2016.09.02"]
[Round "1.31"]
[White "Butnorius, Algimantas"]
[Black "Mlawa, Hemed"]
[Result "1-0"]
[ECO "A05"]
[WhiteElo "2348"]
[BlackElo "1782"]
[PlyCount "67"]
[EventDate "2016.??.??"]
[EventCountry "AZE"]
[WhiteTeam "Monaco"]
[BlackTeam "Tansania"]
[WhiteTeamCountry "MNC"]
[BlackTeamCountry "TAN"]
[TimeControl "40/5400+30:1800+30"]
[WhiteClock "0:20:53"]
[BlackClock "0:01:54"]

1. Nf3 {(00:00} Nf6 {(00:00} 2. c4 {(00:00} e6 {
(00:12} 3. d4 {(00:28} c5 {(00:16} 4. d5 {(00:
24} exd5 {(00:09} 5. cxd5 {(00:06} d6 {(00:09} 6. Nc3
{(00:23} Be7 {(00:10} 7. e4 {(00:37} O-O {(00:
28} 8. Be2 {(01:07} Na6 {(00:21} 9. O-O {(00:26} Nc7 {
(00:16} 10. Re1 {(00:49} Bg4 {(09:33} 11. Bf4 {(
02:47} Nd7 {(14:05} 12. Nd2 {(08:22} Bxe2 {(03:41} 13.
Qxe2 {(00:10} Ne5 {(02:00} 14. Bg3 {(08:35} Re8 {
(14:05} 15. f4 {(03:00} Ng6 {(00:20} 16. Nf3 {(
00:24} a6 {(15:39} 17. a4 {(01:43} Rb8 {(02:40} 18. f5
{(08:35} Nf8 {(03:47} 19. e5 {(03:11} b5 {(09:
36} 20. Rad1 {(02:49} bxa4 {(06:17} 21. Ne4 {(04:59}
Nb5 {(00:55} 22. Qf2 {(22:25} Qb6 {(06:21} 23. f6 {
(01:40} gxf6 {(02:26} 24. exd6 {(01:41} Bd8 {(
02:21} 25. d7 {(03:16} Nxd7 {(01:42} 26. Bxb8 {(00:06}
Qxb8 {(00:34} 27. d6 {(01:57} Bb6 {(01:21} 28. Qh4 {
(01:29} Re6 {(01:08} 29. Ng3 {(03:31} c4+ {(00:
35} 30. Kh1 {(00:19} Rxe1+ {(00:39} 31. Rxe1 {(00:13}
Qxd6 {(00:36} 32. Nf5 {(00:19} Qf8 {(02:06} 33. Qg4+ {
(00:08} Kh8 {(00:08} 34. Re8 {(00:08} 1-0

[Event "42nd Olympiad Baku 2016 Open"]
[Site "Baku"]
[Date "2016.09.02"]
[Round "1.18"]
[White "Calicoca, Wilton Inacio"]
[Black "Abasov, Nijat"]
[Result "0-1"]
[ECO "B02"]
[WhiteElo "2190"]
[BlackElo "2552"]
[PlyCount "120"]
[EventDate "2016.??.??"]
[EventCountry "AZE"]
[WhiteTeam "Mosambik"]
[BlackTeam "Aserbeidschan"]
[WhiteTeamCountry "MOZ"]
[BlackTeamCountry "AZE"]
[TimeControl "40/5400+30:1800+30"]
[WhiteClock "0:02:52"]
[BlackClock "0:56:06"]

1. e4 {(00:00} Nf6 {(00:00} 2. Nc3 {(00:25} d5 {
(00:00} 3. e5 {(00:26} d4 {(00:11} 4. exf6 {(10:
55} dxc3 {(01:05} 5. fxg7 {(01:20} cxd2+ {(00:07} 6.
Qxd2 {(09:00} Qxd2+ {(00:10} 7. Bxd2 {(00:14} Bxg7 {
(00:06} 8. O-O-O {(00:53} Nc6 {(00:07} 9. Nf3 {(
01:17} Bd7 {(05:29} 10. Bd3 {(04:29} h6 {(01:26} 11.
Rhe1 {(11:47} O-O-O {(00:30} 12. h3 {(00:20} Rhg8 {
(02:26} 13. Bc4 {(05:40} e6 {(01:15} 14. g4 {(
04:31} a6 {(02:13} 15. Bf4 {(13:17} b5 {(05:41} 16.
Bf1 {(00:49} f6 {(02:07} 17. a4 {(03:17} e5 {(
03:41} 18. Be3 {(05:28} Ne7 {(01:35} 19. axb5 {(08:01}
axb5 {(00:14} 20. c4 {(00:12} b4 {(03:27} 21. Nd2 {
(00:20} h5 {(03:58} 22. Be2 {(04:01} hxg4 {(01:
14} 23. hxg4 {(00:19} Be8 {(12:39} 24. Ne4 {(01:07}
Bg6 {(02:22} 25. Nc5 {(00:42} Nc6 {(06:30} 26. Rxd8+ {
(10:44} Rxd8 {(01:08} 27. Ne6 {(00:44} Rd7 {(00:
05} 28. Nxg7 {(00:28} Rxg7 {(00:04} 29. b3 {(00:32}
Rh7 {(03:05} 30. Bd1 {(02:30} Rh2 {(01:55} 31. Bc5 {
(00:11} e4 {(03:35} 32. Bc2 {(00:34} Ne5 {(00:
03} 33. Bd4 {(01:16} Nxg4 {(00:26} 34. Bxe4 {(00:36}
Bxe4 {(00:06} 35. Rxe4 {(00:04} Nxf2 {(00:03} 36. Bxf2
{(00:57} Rxf2 {(00:05} 37. c5 {(00:17} Rf5 {(06:
20} 38. Rc4 {(00:10} Kd7 {(00:23} 39. c6+ {(00:50} Kd6
{(00:02} 40. Kd2 {(00:00} Rb5 {(00:00} 41. Kd3 {
(03:15} Kd5 {(08:18} 42. Ke3 {(09:36} Ke5 {(03:
30} 43. Re4+ {(01:49} Kd6 {(01:22} 44. Rc4 {(00:12}
Rb6 {(00:19} 45. Kd3 {(02:31} Rxc6 {(01:53} 46. Rxb4 {
(00:03} Rb6 {(00:11} 47. Rd4+ {(01:20} Ke5 {(00:
06} 48. Re4+ {(00:32} Kf5 {(00:06} 49. b4 {(01:10}
Rd6+ {(00:02} 50. Ke3 {(09:54} Re6 {(00:06} 51. Rxe6 {
(00:13} Kxe6 {(00:05} 52. Ke4 {(01:01} Kd6 {(00:
45} 53. Kf5 {(00:53} Kc6 {(00:44} 54. Kxf6 {(00:05}
Kb5 {(00:03} 55. Ke5 {(00:43} Kxb4 {(00:07} 56. Kd4 {
(00:15} c5+ {(00:08} 57. Kd3 {(00:07} Kb3 {(00:
03} 58. Kd2 {(00:33} c4 {(00:05} 59. Kc1 {(02:30} Kc3
{(00:05} 60. Kb1 {(01:43} Kd2 {(00:03} 0-1

[Event "42nd Olympiad Baku 2016 Open"]
[Site "Baku"]
[Date "2016.09.02"]
[Round "1.19"]
[White "Capone, Nicola"]
[Black "Lima, Osvaldo Dos Santos"]
[Result "1-0"]
[ECO "A48"]
[WhiteElo "2373"]
[BlackElo "1782"]
[PlyCount "133"]
[EventDate "2016.??.??"]
[EventCountry "AZE"]
[WhiteTeam "Belgien"]
[BlackTeam "STP"]
[WhiteTeamCountry "BEL"]
[TimeControl "40/5400+30:1800+30"]
[WhiteClock "0:55:27"]
[BlackClock "0:04:49"]

1. d4 {(00:00} Nf6 {(00:11} 2. Nf3 {(00:00} g6 {
(03:12} 3. Bf4 {(00:34} d6 {(00:46} 4. h3 {(01:
10} Bg7 {(01:16} 5. e3 {(00:08} O-O {(04:54} 6. Be2 {
(00:18} b6 {(01:00} 7. O-O {(00:35} Bb7 {(00:26]
} 8. a4 {(00:15} a5 {(00:34} 9. Nbd2 {(02:50} Nbd7 {
(01:44} 10. Bh2 {(01:24} Re8 {(02:38} 11. Nc4 {(
01:16} c5 {(01:49} 12. c3 {(07:43} Qc7 {(07:06} 13.
Na3 {(22:50} Rad8 {(11:36} 14. Qb3 {(01:36} Bd5 {
(12:11} 15. Qc2 {(00:19} Be4 {(02:43} 16. Qd1 {(
00:14} Ba8 {(01:29} 17. Nb5 {(00:07} Qb8 {(00:03} 18.
Bc4 {(06:32} Nf8 {(17:01} 19. Qb3 {(07:19} e6 {(
02:18} 20. dxc5 {(02:52} bxc5 {(02:11} 21. Nxd6 {(00:
09} Qxb3 {(01:52} 22. Bxb3 {(00:06} Re7 {(00:32} 23.
Bc4 {(01:03} Bxf3 {(02:14} 24. gxf3 {(00:06} Red7 {
(00:50} 25. Nb5 {(01:33} Rd2 {(00:33} 26. Bc7 {(
00:05} Ra8 {(03:15} 27. Rab1 {(00:04} N8d7 {(01:27}
28. Rfd1 {(00:18} Rxd1+ {(01:57} 29. Rxd1 {(00:16} Bf8
{(02:01} 30. e4 {(00:26} e5 {(03:20} 31. f4 {(
00:10} Re8 {(01:28} 32. Nd6 {(02:48} Bxd6 {(02:35} 33.
Rxd6 {(00:38} exf4 {(01:33} 34. Bb5 {(00:26} Re6 {
(02:42} 35. Rxe6 {(03:43} fxe6 {(00:05} 36. Bxd7 {
(00:42} Nxd7 {(00:45} 37. Bxa5 {(00:05} c4 {(00:
13} 38. Bb4 {(00:53} Kf7 {(01:04} 39. a5 {(00:19} Nb8
{(00:05} 40. Bd6 {(00:00} Na6 {(00:00} 41. Bxf4 {
(00:36} Ke7 {(03:09} 42. Bh6 {(01:50} Kd7 {(00:
12} 43. Bf8 {(00:06} Kc6 {(00:16} 44. Kf1 {(01:23} Kb5
{(00:31} 45. Ke2 {(01:46} Kxa5 {(01:30} 46. Bd6 {
(00:05} Kb5 {(02:41} 47. Ke3 {(03:34} Kc6 {(00:
09} 48. e5 {(03:26} Kd5 {(01:50} 49. Kf4 {(00:20} h6 {
(00:58} 50. h4 {(00:29} Kc6 {(04:26} 51. Ke4 {(
00:09} Nc5+ {(10:14} 52. Kd4 {(00:39} Nd3 {(00:13} 53.
Kxc4 {(07:38} Nxb2+ {(00:32} 54. Kd4 {(00:24} Nd1 {
(00:51} 55. f3 {(00:12} h5 {(03:30} 56. c4 {(01:
00} Nf2 {(04:43} 57. Ke3 {(00:30} Nh1 {(00:17} 58. Kf4
{(00:14} Nf2 {(01:51} 59. Kg5 {(00:11} Nd1 {(01:
45} 60. Kxg6 {(00:09} Ne3 {(00:55} 61. c5 {(00:22} Kd7
{(03:06} 62. Kxh5 {(00:05} Nf5 {(00:35} 63. Kg5 {
(00:04} Ke8 {(00:03} 64. c6 {(00:07} Nd4 {(00:
05} 65. c7 {(00:13} Nxf3+ {(00:05} 66. Kf6 {(00:34}
Kd7 {(00:05} 67. h5 {(00:05} 1-0

[Event "42nd Olympiad Baku 2016 Open"]
[Site "Baku"]
[Date "2016.09.02"]
[Round "1.26"]
[White "Constantinou, Pavlos"]
[Black "Nguyen, Huynh Minh Huy"]
[Result "0-1"]
[ECO "B51"]
[WhiteElo "2058"]
[BlackElo "2435"]
[PlyCount "68"]
[EventDate "2016.??.??"]
[EventCountry "AZE"]
[WhiteTeam "Zypern"]
[BlackTeam "Vietnam"]
[WhiteTeamCountry "CYP"]
[BlackTeamCountry "VIE"]
[TimeControl "40/5400+30:1800+30"]
[WhiteClock "0:01:16"]
[BlackClock "0:38:18"]

1. e4 {(00:00} c5 {(00:00} 2. Nf3 {(00:01} d6 {(
00:38} 3. Bb5+ {(00:16} Nd7 {(00:08} 4. O-O {(00:09}
a6 {(00:16} 5. Bd3 {(00:13} g6 {(02:20} 6. c3 {(
01:14} Bg7 {(00:16} 7. Bc2 {(01:01} Ngf6 {(05:42} 8.
d4 {(02:51} Qc7 {(00:38} 9. Re1 {(05:17} e5 {(
05:29} 10. dxe5 {(01:12} Nxe5 {(06:24} 11. Nxe5 {(05:
42} dxe5 {(00:39} 12. c4 {(00:24} Be6 {(03:03} 13. Qe2
{(08:56} O-O {(03:46} 14. Nc3 {(00:52} Nh5 {(02:
34} 15. Nd5 {(05:27} Bxd5 {(00:22} 16. exd5 {(02:10}
f5 {(01:52} 17. Bd2 {(11:18} e4 {(00:58} 18. Bc3 {
(03:00} Bxc3 {(06:03} 19. bxc3 {(00:05} Nf6 {(
00:13} 20. Rab1 {(12:52} Ng4 {(02:49} 21. g3 {(09:07}
Ne5 {(00:56} 22. Rec1 {(06:50} Rf6 {(06:10} 23. Bd1 {
(09:58} Re8 {(01:19} 24. Qf1 {(09:17} f4 {(03:
52} 25. Rc2 {(03:09} f3 {(06:59} 26. Rcb2 {(00:34} b6
{(00:07} 27. Ba4 {(00:25} Re7 {(00:23} 28. Bc6 {
(00:05} e3 {(01:16} 29. fxe3 {(00:14} Ng4 {(00:
10} 30. Rf2 {(01:46} Rxe3 {(01:21} 31. Re1 {(00:11}
Qe5 {(00:49} 32. Rxe3 {(00:53} Qxe3 {(00:11} 33. h3 {
(00:12} Nxf2 {(00:32} 34. Qxf2 {(00:03} Qxc3 {(
00:27} 0-1

[Event "42nd Olympiad Baku 2016 Open"]
[Site "Baku"]
[Date "2016.09.02"]
[Round "1.29"]
[White "Cori, Jorge"]
[Black "Lee, Jun Hyeok"]
[Result "1-0"]
[ECO "E61"]
[WhiteElo "2609"]
[BlackElo "2238"]
[PlyCount "53"]
[EventDate "2016.??.??"]
[EventCountry "AZE"]
[WhiteTeam "Peru"]
[BlackTeam "Korea"]
[WhiteTeamCountry "PER"]
[BlackTeamCountry "KOR"]
[TimeControl "40/5400+30:1800+30"]
[WhiteClock "0:41:11"]
[BlackClock "0:19:39"]

1. d4 {(00:00} Nf6 {(00:00} 2. c4 {(00:00} g6 {(
00:00} 3. Nc3 {(00:00} Bg7 {(00:07} 4. Nf3 {(00:36}
O-O {(00:35} 5. Bg5 {(00:16} c5 {(05:07} 6. d5 {
(05:20} d6 {(03:39} 7. e4 {(00:17} e6 {(05:21}
8. Be2 {(06:01} exd5 {(03:04} 9. cxd5 {(00:14} a6 {
(04:32} 10. a4 {(00:07} Re8 {(01:52} 11. Nd2 {(
00:18} Nbd7 {(03:09} 12. O-O {(00:48} h6 {(05:23} 13.
Bh4 {(00:08} Qc7 {(08:44} 14. Bg3 {(01:32} Ne5 {
(05:29} 15. f4 {(16:39} Neg4 {(12:40} 16. Nc4 {(
00:50} Nxe4 {(01:01} 17. Bxg4 {(00:10} Nxc3 {(00:30}
18. bxc3 {(00:14} Bxg4 {(00:02} 19. Qxg4 {(00:18} b5 {
(00:04} 20. axb5 {(05:03} axb5 {(00:04} 21. Rxa8 {
(00:12} Rxa8 {(00:04} 22. Nd2 {(02:57} Ra2 {(12:
00} 23. Qe2 {(18:19} Bxc3 {(06:37} 24. Qe8+ {(01:11}
Kg7 {(00:04} 25. f5 {(00:04} Rxd2 {(02:33} 26. fxg6 {
(00:15} f6 {(00:40} 27. Bxd6 {(00:30} 1-0

[Event "42nd Olympiad Baku 2016 Open"]
[Site "Baku"]
[Date "2016.09.02"]
[Round "1.31"]
[White "Cruz, Cristhian"]
[Black "Chon, Yongjoon"]
[Result "1-0"]
[ECO "E63"]
[WhiteElo "2519"]
[BlackElo "2025"]
[PlyCount "63"]
[EventDate "2016.??.??"]
[EventCountry "AZE"]
[WhiteTeam "Peru"]
[BlackTeam "Korea"]
[WhiteTeamCountry "PER"]
[BlackTeamCountry "KOR"]
[TimeControl "40/5400+30:1800+30"]
[WhiteClock "0:15:23"]
[BlackClock "0:14:29"]

1. d4 {(00:00} Nf6 {(00:00} 2. Nf3 {(00:00} g6 {
(00:04} 3. g3 {(00:15} Bg7 {(00:03} 4. Bg2 {(00:
23} O-O {(00:08} 5. O-O {(00:35} d6 {(00:42} 6. c4 {
(00:17} Nc6 {(00:57} 7. Nc3 {(00:21} a6 {(00:02]
} 8. Qd3 {(00:20} e5 {(00:32} 9. dxe5 {(01:12} dxe5 {
(00:16} 10. Qxd8 {(01:30} Rxd8 {(00:11} 11. Bg5 {
(00:13} Re8 {(01:03} 12. Bxf6 {(02:47} Bxf6 {(
00:14} 13. Nd2 {(00:29} Nd4 {(10:24} 14. Rfd1 {(06:23}
Kg7 {(06:07} 15. c5 {(30:55} Rb8 {(03:59} 16. e3 {
(06:19} Ne6 {(01:25} 17. Nb3 {(03:35} Bd8 {(14:
23} 18. c6 {(06:52} b6 {(13:40} 19. Nd5 {(05:36} f5 {
(03:24} 20. Bf1 {(01:38} Ng5 {(07:04} 21. Rac1 {
(03:49} Nf7 {(02:12} 22. Nd2 {(04:43} a5 {(00:
20} 23. Nc4 {(03:26} e4 {(05:31} 24. a4 {(04:30} Ne5 {
(02:37} 25. Nxe5 {(00:48} Rxe5 {(01:47} 26. Nxb6 {
(00:24} Rxb6 {(11:51} 27. Rxd8 {(00:12} Be6 {(
00:06} 28. Bb5 {(00:46} Rd5 {(00:32} 29. Ra8 {(00:41}
Rd2 {(00:34} 30. Ra7 {(00:26} Rb8 {(00:52} 31. Rxc7+ {
(00:33} Kh6 {(00:01} 32. Re7 {(00:39} 1-0

[Event "42nd Olympiad Baku 2016 Open"]
[Site "Baku"]
[Date "2016.09.02"]
[Round "1.2"]
[White "Cubas, Jose Fernando"]
[Black "Maqseed, Nasser"]
[Result "1-0"]
[ECO "B06"]
[WhiteElo "2470"]
[BlackElo "2000"]
[PlyCount "117"]
[EventDate "2016.??.??"]
[EventCountry "AZE"]
[WhiteTeam "Paraguay"]
[BlackTeam "Kuwait"]
[WhiteTeamCountry "PAR"]
[BlackTeamCountry "KUW"]
[TimeControl "40/5400+30:1800+30"]
[WhiteClock "0:19:41"]
[BlackClock "0:11:58"]

1. e4 {(00:00} g6 {(00:00} 2. d4 {(00:00} Bg7 {(
00:00} 3. Nc3 {(00:05} d6 {(00:45} 4. Be3 {(03:34} Nd7
{(02:14} 5. Nf3 {(02:56} e5 {(01:42} 6. dxe5 {(
01:44} Nxe5 {(00:55} 7. Nxe5 {(00:41} Bxe5 {(03:56} 8.
Qd2 {(00:26} Be6 {(09:25} 9. O-O-O {(07:48} Ne7 {
(14:28} 10. Bh6 {(12:12} Rg8 {(08:30} 11. f4 {(
08:59} Bh8 {(03:47} 12. Nd5 {(09:42} Bxd5 {(13:28} 13.
exd5 {(00:12} Qd7 {(05:03} 14. Bg5 {(05:29} O-O-O {
(11:48} 15. Qa5 {(02:24} Kb8 {(08:58} 16. Bb5 {(
01:22} c6 {(01:30} 17. dxc6 {(04:37} bxc6 {(00:14} 18.
Bxe7 {(08:35} Qxe7 {(00:10} 19. Bxc6 {(00:05} Qc7 {
(00:38} 20. Qb5+ {(04:23} Qb6 {(00:40} 21. Qxb6+ {
(03:32} axb6 {(00:06} 22. b4 {(00:16} Bc3 {(06:
18} 23. b5 {(02:25} f5 {(01:01} 24. Rd3 {(00:06} Bb4 {
(00:42} 25. Rd4 {(00:13} Ba5 {(01:18} 26. Rhd1 {
(01:25} Kc7 {(00:13} 27. R1d3 {(00:05} Rg7 {(01:
27} 28. Re3 {(00:08} h6 {(02:00} 29. Re6 {(01:57} Bc3
{(00:54} 30. Rc4 {(02:20} Ba5 {(00:50} 31. Bd5+ {
(02:23} Kb8 {(01:20} 32. Rc6 {(02:28} g5 {(00:
59} 33. Rcxd6 {(03:45} Rxd6 {(00:03} 34. Rxd6 {(00:06}
gxf4 {(00:23} 35. Rxh6 {(00:07} Rd7 {(01:07} 36. c4 {
(00:47} Re7 {(00:22} 37. Re6 {(02:43} Rh7 {(00:
42} 38. h3 {(00:13} Kc7 {(00:08} 39. Kc2 {(00:07} Rd7
{(00:49} 40. a3 {(00:00} Rd6 {(00:00} 41. Re7+ {
(01:29} Rd7 {(01:39} 42. Re5 {(00:09} f3 {(03:
51} 43. gxf3 {(07:14} Rh7 {(00:45} 44. Rxf5 {(00:10}
Rxh3 {(00:18} 45. Rf7+ {(02:28} Kd6 {(00:21} 46. Kd3 {
(01:05} Rh4 {(01:24} 47. Rf6+ {(00:29} Kd7 {(02:
22} 48. c5 {(04:14} bxc5 {(01:35} 49. Be4 {(00:14} Bd8
{(06:49} 50. Rg6 {(01:02} Rh1 {(03:42} 51. Kc2 {
(03:14} Rh2+ {(00:43} 52. Kb3 {(00:12} Rd2 {(01:
11} 53. b6 {(04:24} Rd6 {(00:44} 54. Rxd6+ {(02:27}
Kxd6 {(00:05} 55. b7 {(00:02} Bc7 {(01:02} 56. Kc4 {
(00:09} Bb8 {(00:54} 57. Kb5 {(00:05} Ba7 {(00:
37} 58. Ka6 {(00:13} Bb8 {(00:07} 59. Kb6 {(00:09} 1-0

[Event "42nd Olympiad Baku 2016 Open"]
[Site "Baku"]
[Date "2016.09.02"]
[Round "1.10"]
[White "Cupid, Kevin"]
[Black "Sedlak, Nikola"]
[Result "1-0"]
[ECO "E61"]
[WhiteElo "2166"]
[BlackElo "2537"]
[PlyCount "127"]
[EventDate "2016.??.??"]
[EventCountry "AZE"]
[WhiteTeam "TTO"]
[BlackTeam "Serbien"]
[BlackTeamCountry "SRB"]
[TimeControl "40/5400+30:1800+30"]
[WhiteClock "0:50:53"]
[BlackClock "0:25:14"]

1. d4 {(00:00} Nf6 {(00:00} 2. c4 {(00:00} g6 {(
00:00} 3. Nc3 {(00:00} Bg7 {(00:00} 4. Nf3 {(00:00}
O-O {(00:30} 5. Bg5 {(00:00} d6 {(05:40} 6. e3 {
(00:00} c5 {(02:14} 7. Be2 {(00:00} Nc6 {(01:29]
} 8. O-O {(00:00} h6 {(03:48} 9. Bh4 {(00:08} g5 {
(01:21} 10. Bg3 {(00:01} Nh5 {(01:13} 11. d5 {(
00:58} Nb4 {(02:58} 12. a3 {(00:02} Na6 {(00:07} 13.
Qc2 {(00:07} f5 {(00:54} 14. Nd2 {(01:39} Nxg3 {
(06:36} 15. fxg3 {(02:21} e5 {(08:59} 16. g4 {(
01:50} e4 {(03:52} 17. gxf5 {(00:58} Bxf5 {(01:05} 18.
Ndxe4 {(06:32} Bxc3 {(01:35} 19. bxc3 {(00:28} Qe7 {
(04:49} 20. Rxf5 {(04:23} Rxf5 {(00:29} 21. Nxd6 {
(00:06} Qxe3+ {(04:41} 22. Kh1 {(00:04} Rf6 {(
00:15} 23. Ne4 {(00:35} Rf4 {(10:56} 24. Ng3 {(00:06}
Qe8 {(01:51} 25. Bh5 {(05:40} Qf8 {(02:00} 26. h3 {
(04:51} Nc7 {(05:02} 27. Bg4 {(02:53} Re8 {(07:
55} 28. Qg6+ {(04:11} Kh8 {(00:07} 29. Bf5 {(01:51}
Qg7 {(06:27} 30. Qxg7+ {(14:07} Kxg7 {(00:07} 31. Nh5+
{(00:06} Kf7 {(00:03} 32. Nxf4 {(00:09} gxf4 {(
00:05} 33. d6 {(03:13} Ne6 {(05:38} 34. Re1 {(00:12}
Nf8 {(00:15} 35. Rxe8 {(01:15} Kxe8 {(00:07} 36. Kg1 {
(00:06} Nd7 {(00:31} 37. Kf2 {(02:27} Ne5 {(01:
34} 38. Be6 {(00:13} a6 {(01:48} 39. a4 {(01:25} a5 {
(00:39} 40. Ke2 {(00:00} Kd8 {(00:00} 41. h4 {(
02:07} h5 {(04:00} 42. Kf2 {(02:12} b6 {(00:19} 43. g4
{(10:26} fxg3+ {(04:56} 44. Kxg3 {(00:03} Nd3 {(
00:21} 45. Kf3 {(00:19} Nb2 {(00:22} 46. Ke3 {(00:07}
Nxa4 {(02:03} 47. Kd3 {(00:07} b5 {(01:12} 48. cxb5 {
(00:07} Nb6 {(00:04} 49. c4 {(01:03} Ke8 {(00:
50} 50. Kc3 {(00:08} Kd8 {(00:07} 51. Bf5 {(01:54} Ke8
{(00:27} 52. Bg6+ {(07:55} Kd7 {(00:09} 53. Bxh5 {
(00:01} Kxd6 {(00:18} 54. Bd1 {(00:11} a4 {(01:
08} 55. Bc2 {(01:49} Ke5 {(01:29} 56. Bb1 {(03:39} Kf4
{(00:43} 57. Ba2 {(00:26} a3 {(00:44} 58. Kd3 {(
02:59} Na4 {(05:12} 59. Bb3 {(00:15} Nb6 {(02:01} 60.
h5 {(02:02} Kg5 {(00:07} 61. Ke4 {(00:01} Kxh5 {
(00:19} 62. Ke5 {(00:01} Kg4 {(00:59} 63. Kd6 {(
00:02} Na4 {(00:46} 64. Kc6 {(00:16} 1-0

[Event "42nd Olympiad Baku 2016 Open"]
[Site "Baku"]
[Date "2016.09.02"]
[Round "1.35"]
[White "Darwish, Hashim"]
[Black "Zhu, Chen"]
[Result "0-1"]
[ECO "B50"]
[WhiteElo "1766"]
[BlackElo "2418"]
[PlyCount "36"]
[EventDate "2016.??.??"]
[EventCountry "AZE"]
[WhiteTeam "Brunei"]
[BlackTeam "Katar"]
[WhiteTeamCountry "BRN"]
[BlackTeamCountry "QAT"]
[TimeControl "40/5400+30:1800+30"]
[WhiteClock "1:26:27"]
[BlackClock "1:04:18"]

1. e4 {(00:00} c5 {(00:00} 2. Nf3 {(00:00} d6 {(
00:00} 3. c3 {(00:13} Nf6 {(00:02} 4. e5 {(00:07} Nd5
{(01:25} 5. d4 {(01:57} cxd4 {(00:10} 6. cxd4 {(
00:18} Nc6 {(00:39} 7. Nc3 {(00:20} dxe5 {(01:55} 8.
dxe5 {(01:47} Nxc3 {(02:25} 9. Qxd8+ {(00:08} Nxd8 {
(00:06} 10. bxc3 {(00:07} Bd7 {(02:27} 11. Ba3 {
(01:10} Rc8 {(01:19} 12. Rc1 {(02:20} g6 {(01:
36} 13. Nd4 {(01:28} Bh6 {(08:54} 14. Rc2 {(00:09} Ba4
{(13:06} 15. Bb5+ {(01:04} Bxb5 {(00:05} 16. Nxb5 {
(00:08} Nc6 {(00:08} 17. O-O {(00:59} a6 {(00:
16} 18. Nd4 {(00:18} Nxd4 {(00:09} 0-1